 Dungeon Crawl Stone Soup version 0.21-a0-552-g593960d (webtiles) character file.

266 Megalobster the Archer (level 6, -10/51 HPs)
             Began as a Centaur Hunter on Dec 17, 2017.
             Blown up by Pikel (15 damage)
             ... with a wand of disintegration (10)
             ... on level 4 of the Dungeon.
             The game lasted 00:10:20 (3770 turns).

Megalobster the Archer (Centaur Hunter)             Turns: 3770, Time: 00:10:20

Health: -10/51     AC:  7    Str: 15    XL:     6   Next: 0%
Magic:  6/6        EV: 10    Int: 16    God:
Gold:   125        SH:  0    Dex: 11    Spells: 5/5 levels left

rFire    + . .     SeeInvis .   a - +1 shortbow
rCold    x . .     Gourm    .   (shield currently unavailable)
rNeg     . . .     Faith    +   c - +0 leather armour
rPois    .         Spirit   .   H - +0 hat
rElec    .         Reflect  .   (no cloak)
rCorr    .         Harm     .   y - +2 pair of gloves
MR       .....                  (no barding)
Stlth    +.........             v - amulet of faith
HPRegen  0.17/turn              j - ring of fire
MPRegen  0.10/turn              d - +6 ring of intelligence

@: very quick
A: large, hooves 3, deformed body, speed 2, tough skin 3
a: no special abilities


You were on level 4 of the Dungeon.
You were not hungry.

You visited 1 branch of the dungeon, and saw 4 of its levels.

You collected 125 gold pieces.

Inventory:

Hand Weapons
 a - a +1 shortbow (weapon)
 b - a +0 short sword
 C - a +0 rapier
Missiles
 e - 33 sling bullets
 l - 29 stones
 r - 20 arrows (quivered)
Armour
 c - a +0 leather armour (worn)
 q - a +0 ring mail
 y - a +2 pair of gloves (worn)
 H - a +0 hat (worn)
Jewellery
 d - a +6 ring of intelligence (right hand)
 j - a ring of fire (left hand)
 v - an amulet of faith (around neck)
Wands
 B - a wand of polymorph (10)
 F - a wand of scattershot (6)
Scrolls
 g - a scroll of random uselessness {unknown}
 i - 4 scrolls of enchant weapon {unknown}
 k - 6 scrolls of identify {unknown}
 n - 8 scrolls of teleportation {unknown}
 o - 2 scrolls of magic mapping {unknown}
 u - 2 scrolls of immolation {unknown}
 x - 2 scrolls of remove curse {unknown}
 E - a scroll of noise {unknown}
Potions
 h - a potion of mutation {unknown}
 m - 4 potions of degeneration {unknown}
 s - a potion of lignification {unknown}
 t - a potion of ambrosia {unknown}
 w - a potion of curing {unknown}
 z - 2 potions of resistance {unknown}
 A - a potion of haste {unknown}
Comestibles
 f - 2 bread rations
 p - 2 meat rations
 D - 2 fruits
 G - a chunk of flesh


   Skills:
 + Level 3.0 Fighting
 - Level 1.3 Short Blades
 * Level 8.2 Bows
 + Level 2.1 Dodging
 - Level 0.4 Stealth


You had 5 spell levels left.
You didn't know any spells.

Dungeon Overview and Level Annotations

Branches:
Dungeon (4/15)
 Temple: D:4-7

Altars:
Gozag
Ru
Vehumet

Shops:
D:4 [

Annotations:
D:4 Pikel


Innate Abilities, Weirdness & Mutations

You have hooves in place of feet.
Armour fits poorly on your strangely shaped body.
You cover ground very quickly.
You have extremely tough skin. (AC +3)


Message History

Press: ? - help, Shift-Dir - straight line, f/p - slave
Aim: a slave, wearing an animal skin (severely wounded)
You shoot an arrow. The arrow misses Pikel.
The arrow hits the slave but does no damage.
The slave is severely wounded.
Firing (i - inventory. (,) - cycle):
r - 22 arrows (quivered)
Press: ? - help, Shift-Dir - straight line, f - Pikel, p - slave
Aim: Pikel, wielding a whip of flaming, wearing a runed robe and carrying a wand of disintegration (11) (almost dead)
You shoot an arrow. The arrow completely misses Pikel.
The arrow hits the slave.
The slave is almost dead.
Pikel zaps a wand.
You barely resist.
Firing (i - inventory. (,) - cycle):
r - 21 arrows (quivered)
Press: ? - help, Shift-Dir - straight line, f/p - Pikel
Aim: Pikel, wielding a whip of flaming, wearing a runed robe and carrying a wand of disintegration (10) (almost dead)
You shoot an arrow.
The arrow hits Pikel but does no damage.
Pikel is almost dead.
Pikel zaps a wand.
You are blasted!
You die...

#.# #p#.##.#..... #.#
#(#.##.#.....
#######.######(#..........
........#.p..p.#..#.#.####
#.########.#p######..#.#.##..
...........#K######..#.#.##..
#....................#.#.##..
.########....#.........#.#.##..
..............@.(........#.##..
#.#######.###############....'..
.................. #.#.##..
.#.#######.#...### #.#.##.. .#
........'...# #.#.##..
.#########.#...# #+#.###.
...........#...# ..# #.
.####..###.#....' ..# #.
.#<.#..# ########.. ..# #.


You could see Pikel and 2 slaves.

Vanquished Creatures
  A phantom (D:4)
  A scorpion (D:4)
  A worker ant (D:4)
  3 adders (D:2)
  An ooze (D:3)
  4 dart slugs
  4 leopard geckos
  An orc (D:3)
  A ball python (D:1)
  4 bats
  2 giant cockroaches
  8 goblins
  11 hobgoblins
  6 jackals
  9 kobolds
  3 frilled lizards
  7 rats
67 creatures vanquished.

Notes
Turn   | Place    | Note
-------+----------+-------------------------------------------
     0 | D:1      | Megalobster the Centaur Hunter began the quest for the Orb.
     0 | D:1      | Reached XP level 1. HP: 17/17 MP: 1/1
   176 | D:1      | Reached skill level 6 in Bows
   176 | D:1      | Reached XP level 2. HP: 24/24 MP: 2/2
   616 | D:1      | Reached XP level 3. HP: 29/29 MP: 3/3
  1669 | D:2      | Reached skill level 7 in Bows
  1836 | D:2      | Found a radiant altar of Vehumet.
  2159 | D:2      | Reached XP level 4. HP: 13/36 MP: 4/4
  2379 | D:2      | Found a sacrificial altar of Ru.
  3157 | D:4      | Noticed a phantom
  3169 | D:4      | Killed a phantom
  3169 | D:4      | Reached skill level 1 in Short Blades
  3169 | D:4      | Reached XP level 5. HP: 37/42 MP: 5/5
  3199 | D:4      | Found an opulent altar of Gozag.
  3285 | D:4      | Found Qubivy's Antique Armour Shoppe.
  3303 | D:4      | Reached skill level 8 in Bows
  3521 | D:4      | Reached XP level 6. HP: 51/51 MP: 6/6
  3726 | D:4      | Noticed Pikel
  3726 | D:4      | Noticed a slave
  3726 | D:4      | Noticed a slave
  3726 | D:4      | Noticed a slave
  3727 | D:4      | Noticed a slave
  3770 | D:4      | Blown up by Pikel

Vault maps used:
D:1:      giann_wishing_wells, st_stairs_6, minmay_tromino_v2
D:2:      vehumet_crystals, nicolae_ru_path_of_blood
D:3:      first_bread, hangedman_glass_teeth
D:4:      cheibrodos_ashenzari_chains, grunt_gozag_statues, serial_shops, shop,
          gup_sewer_entry_spiral, uniq_pikel

Skill      XL: |  1  2  3  4  5 |
---------------+----------------+-----
Bows           | 6 7 8 |  8.2
Short Blades   | 1 |  1.3
Fighting       | 3 |  3.0
Dodging        | 2 |  2.1
Stealth        | |  0.4

Action                   |  1- 3 |  4- 6 || total
-------------------------+-------+-------++-------
Melee: Short sword       |    74 |       ||    74
       Kick              |    17 |       ||    17
 Fire: Shortbow          |    58 |   117 ||   175
Throw: Stone             |    11 |       ||    11
  Eat: Chunk             |     3 |     2 ||     5
       Royal jelly       |       |     1 ||     1
Armor: Leather armour    |    41 |    15 ||    56
Dodge: Dodged            |    44 |    24 ||    68

Table legend:
 A = Spawn XP
 B = Non-spawn XP
 C = Spawn XP percentage of total XP
 D = Spawn monster count
 E = Non-spawn monster count
 F = Spawn count percentage of total count
 G = Total turns spent on level
                    A         B        C        D         E        F      G
               +---------+---------+-------+---------+---------+-------+---------
         Total |       0 |     380 |   0.0 |       0 |      67 |   0.0 |  3770
               +---------+---------+-------+---------+---------+-------+---------
           D:1 |       0 |      57 |   0.0 |       0 |      28 |   0.0 |  1560
           D:2 |       0 |      67 |   0.0 |       0 |      22 |   0.0 |  1014
           D:3 |       0 |      35 |   0.0 |       0 |      14 |   0.0 |   583
           D:4 |       0 |     221 |   0.0 |       0 |       3 |   0.0 |   613
               +---------+---------+-------+---------+---------+-------+---------
